 Dungeon Crawl Stone Soup version 0.27.1-1-g398f81649c (webtiles) character file.

Game seed: 9735345239174172911

223 Metae the Conjurer (level 5, -3/41 HPs)
             Began as a Draconian Conjurer on Sept 7, 2021.
             Slain by Edmund (11 damage)
             ... on level 2 of the Dungeon.
             The game lasted 00:25:55 (5237 turns).

Metae the Conjurer (Draconian Conjurer)             Turns: 5237, Time: 00:25:55

Health: -3/41      AC:  6    Str:  9    XL:     5   Next: 66%
Magic:  10/10      EV: 12    Int: 20    God:
Gold:   141        SH:  0    Dex:  9    Spells: 3/10 levels left

rFire    . . .     SeeInvis +   a - +4 short sword (freeze)
rCold    . . .     Faith    .   (no shield)
rNeg     . . .     Spirit   .   (armour unavailable)
rPois    .         Reflect  .   (helmet restricted)
rElec    .         Harm     .   (no cloak)
rCorr    .         Rampage  .   (no gloves)
Will     .....                  l - +0 pair of boots
Stlth    ++........             (no amulet)
HPRegen  0.13/turn              n - ring of see invisible
MPRegen  0.12/turn              (no ring)

@: no status effects
A: AC +5, unfitting armour, cold-blooded
a: no special abilities


You were on level 2 of the Dungeon.
You visited 1 branch of the dungeon, and saw 4 of its levels.

You collected 141 gold pieces.

Inventory:

Hand Weapons
 a - a +4 short sword of freezing (weapon)
 b - a +0 hunting sling
 d - a +2 dagger of venom
Missiles
 m - 27 stones
Armour
 l - a +0 pair of boots (worn)
Jewellery
 n - a ring of see invisible (left hand)
Scrolls
 g - 2 scrolls of teleportation
 h - a scroll of vulnerability {unknown}
 k - a scroll of torment {unknown}
Potions
 c - a potion of attraction {unknown}
 e - 2 potions of curing
 f - 2 potions of haste {unknown}
 i - a potion of brilliance {unknown}
 j - a potion of experience {unknown}
 o - a potion of degeneration {unknown}


   Skills:
 + Level 2.1 Fighting
 - Level 0.4 Short Blades
 - Level 1.7 Dodging
 + Level 2.7 Stealth
 * Level 3.4 Spellcasting
 * Level 5.0 Conjurations
 + Level 1.1 Summonings


You had 3 spell levels left.
You knew the following spells:

 Your Spells              Type           Power      Damage    Failure   Level
a - Magic Dart            Conj           92%        1d7       1%          1
b - Searing Ray           Conj           46%        3d4       2%          2
c - Summon Small Mammal   Summ           32%        N/A       9%          1
d - Dazzling Flash        Conj/Hex       26%        N/A       14%         3

Your spell library contained the following spells:

 Spells                   Type           Power      Damage    Failure   Level
 Animate Skeleton         Necr           6%         N/A       14%         1
 Apportation              Tloc           6%         N/A       14%         1
 Corona                   Hex            3%         N/A       14%         1
 Call Canine Familiar     Summ           8%         N/A       26%         3
 Summon Guardian Golem    Hex/Summ       5%         N/A       32%         3
 Fulminant Prism          Conj/Hex       6%         3d7       43%         4
 Iskenderun's Mystic Bla  Conj/Tloc      13%        2d5       43%         4


Dungeon Overview and Level Annotations

Branches:
Dungeon (4/15)
 Temple: D:4-7

Altars:
Fedhas

Annotations:
D:2 Edmund


Innate Abilities, Weirdness & Mutations

Your plain brown scales are hard. (AC +5)
You cannot fit into any form of body armour.
You are cold-blooded and may be slowed by cold attacks.


Message History

You closely miss Edmund.
Edmund is lightly wounded.
Your rat bites Edmund but does no damage.
Edmund hits you with a +2 flail of protection.
Your rat bites Edmund but does no damage.
You puncture Edmund! You freeze Edmund.
Edmund is moderately wounded.
Edmund hits you with a +2 flail of protection!
Your rat bites Edmund but does no damage.
You hit Edmund but do no damage.
Edmund is moderately wounded.
Edmund hits you with a +2 flail of protection!
Your rat bites Edmund but does no damage.
Edmund closely misses you.
Your rat bites Edmund but does no damage.
Your rat disappears in a puff of smoke!
Edmund hits you with a +2 flail of protection.
There is a stone staircase leading up here.
You climb upwards.
There is a stone staircase leading down here.
Edmund closely misses you.
There is an open door here.
Edmund barely misses you.
There is a stone staircase leading down here.
You can't go up here!
Edmund hits you with a +2 flail of protection.
You climb downwards.
There is a stone staircase leading up here.
Edmund asks, "Have you met my wondrous brother?"
Edmund hits you with a +2 flail of protection.
* * * LOW HITPOINT WARNING * * *
Casting: Magic Dart (safe; 1% risk of failure)
Confirm with . or Enter, or press ? or * to list all spells.
Edmund hits you with a +2 flail of protection!
* * * LOW HITPOINT WARNING * * *
Your rat bites Edmund but does no damage.
Your rat bites Edmund but does no damage.
Your rat disappears in a puff of smoke!
Edmund hits you with a +2 flail of protection!
You die...

.....<#############..# #.#
#####.# #......# #.#
......# #.###.####.#
###############...#......#
..........r...#..######..#
#############.#..# ###..#
# #.....# #.#..####.#..# #
#.....# #.#.......#..#
###.....#####.#.@.###.#..#
##......'...#.#.@.# #.#..#
#......###.#.#...# #.#..#
#......# #.#.#...###.#..#
#..†...# #.#.........#..#
#.†....# #.###########..##
#.###### #.#.............#
#.###### #.#.#########.###
#......# #.#.# #.#


You could see Edmund.

Vanquished Creatures
  2 hounds (D:4)
  A jelly (D:4)
  Jessica (D:3)
  Robin (D:4)
  An adder (D:2)
  2 worms
  A dart slug (D:1)
  4 endoplasms
  4 giant cockroaches
  13 goblins
  9 hobgoblins
  4 jackals (D:1)
  8 kobolds
  4 quokkas
  8 ball pythons
  3 bats
  5 frilled lizards
  3 rats
74 creatures vanquished.

Vanquished Creatures (others)
  A fungus (D:1)
1 creature vanquished.

Grand Total: 75 creatures vanquished

Notes
Turn   | Place    | Note
-------+----------+-------------------------------------------
     0 | D:1      | Metae the Draconian Conjurer began the quest for the Orb.
     0 | D:1      | Reached XP level 1. HP: 14/14 MP: 3/3
   447 | D:1      | Reached XP level 2. HP: 12/22 MP: 0/5
   673 | D:1      | Found a faded altar of an unknown god.
  1229 | D:1      | Learned a level 2 spell: Searing Ray
  1267 | D:1      | Reached XP level 3. HP: 27/27 MP: 4/6
  1793 | D:2      | Reached skill level 1 in Fighting
  2847 | D:3      | Found a blossoming altar of Fedhas.
  2855 | D:3      | Reached XP level 4. HP: 34/35 MP: 5/8
  2937 | D:3      | Learned a level 1 spell: Summon Small Mammal
  2955 | D:3      | Noticed Jessica
  2959 | D:3      | Killed Jessica
  3310 | D:4      | Noticed Edmund
  4150 | D:4      | Noticed Robin
  4240 | D:4      | Reached XP level 5. HP: 32/41 MP: 2/9
  4268 | D:4      | Reached skill level 1 in Summonings
  4287 | D:4      | Reached skill level 5 in Conjurations
  4354 | D:4      | Killed Robin
  4930 | D:4      | Learned a level 3 spell: Dazzling Flash
  5237 | D:2      | Slain by Edmund

Illustrated notes

Levels and vault maps discovered:
D:1:      lightli_arrival_statuegarden, layout_basic,
          dreamdust_ecumenical_altar_hidden_monk_grotto
D:2:      layout_basic
D:3:      layout_basic, fedhas_altar_1, uniq_jessica
D:4:      layout_basic, uniq_edmund, uniq_robin

Skill      XL: |  1  2  3  4  5 |
---------------+----------------+-----
Stealth        | 2 |  2.7
Fighting       | 1 2 |  2.1
Spellcasting   | 3 |  3.4
Summonings     | 1 |  1.1
Conjurations   | 5 |  5.0
Short Blades   | |  0.4
Dodging        | |  1.7

Action                   |  1- 3 |  4- 6 || total
-------------------------+-------+-------++-------
Melee: Unarmed           |    80 |       ||    80
       Tailslap          |     7 |     4 ||    11
       Dagger            |    16 |    26 ||    42
       Short sword       |       |    15 ||    15
 Cast: Magic Dart        |    89 |    54 ||   143
       Summon Small Mamm |       |     4 ||     4
       Searing Ray       |       |     1 ||     1
  Use: Scroll            |     1 |     2 ||     3
Armor: Skin              |    41 |    16 ||    57
Dodge: Dodged            |    66 |    36 ||   102
